 Dungeon Crawl Stone Soup version 0.30.1-4-g462c640d31 (webtiles) character file.

Game seed: 6159006721395840961

375 arthad the Trooper (level 6, -5/56 HPs)
             Began as an Armataur Berserker on Aug 24, 2023.
             Was a Believer of Trog.
             Slain by Blork the orc
             ... wielding a +3 trident of flaming
              (6 damage)
             ... on level 4 of the Dungeon.
             The game lasted 00:04:53 (2868 turns).

arthad the Trooper (Armataur Berserker)             Turns: 2868, Time: 00:04:53

Health: -5/56      AC: 12    Str: 20    XL:     6   Next: 44%
Magic:  6/6        EV:  8    Int:  7    God:    Trog [**....]
Gold:   163        SH:  0    Dex: 13    Spells: 5/5 levels left

rFire   + + .        t - +1 mace "Duqor" {vamp, +Blink Str-5 Dex+4 SInv}
rCold   x . .        (no shield)
rNeg    . . .        y - +0 fire dragon scales
rPois   .            (no helmet)
rElec   .            (no cloak)
rCorr   .            (no gloves)
SInv    +            (no barding)
Will    ++...        (no amulet) Stlth
                     p - +4 ring of protection
HPRegen 1.29/turn    (no ring)
MPRegen 0.10/turn

%: roll
@: lethally poisoned (-5 -> -5), strong-willed, regenerating
A: large, rugged brown scales 3, deformed body, armoured tail, roll, long
tongue, awkward tongue
a: Renounce Religion, Evoke Blink, Berserk, Trog's Hand


You were on level 4 of the Dungeon.
You worshipped Trog.
Trog was pleased with you.
You visited 1 branch of the dungeon, and saw 4 of its levels.

You collected 260 gold pieces.
You spent 97 gold pieces at shops.

Inventory:

Hand Weapons
 a - a +0 hand axe
 t - the +1 mace "Duqor" (weapon) {vamp, +Blink Str-5 Dex+4 SInv}
   (You found it on level 3 of the Dungeon)

   Str:       It affects your strength (-5).
   Dex:       It affects your dexterity (+4).
   SInv:      It lets you see invisible.
   +Blink:    It lets you blink.
 z - a +4 dire flail of protection
Missiles
 n - 8 poisoned darts (quivered)
 v - 5 silver boomerangs
Armour
 b - a +0 animal skin
 y - +0 fire dragon scales (worn)
 A - a +0 leather armour of fire resistance
Jewellery
 p - a +4 ring of protection (left hand)
Wands
 x - a wand of roots (10)
Scrolls
 c - 5 scrolls of identify {unknown}
 d - a scroll of vulnerability {unknown}
 e - 2 scrolls of noise {unknown}
 g - a scroll of fear {unknown}
 h - 3 scrolls of teleportation {unknown}
 i - a scroll of fog {unknown}
 j - 2 scrolls of magic mapping
 k - a scroll of blinking {unknown}
 l - a scroll of amnesia {unknown}
 w - a scroll of silence {unknown}
Potions
 f - 3 potions of curing {unknown}
 m - a potion of flight {unknown}
 o - a potion of brilliance {unknown}
 q - a potion of heal wounds {unknown}
 r - a potion of ambrosia {unknown}
 s - a potion of lignification {unknown}
 u - a potion of magic {unknown}


   Skills:
 * Level 4.4 Fighting
 * Level 4.0 Axes
 + Level 4.0 Armour
 + Level 2.3 Dodging


You had 5 spell levels left.
You didn't know any spells.
Your spell library contained the following spells:

 Spells                   Type           Power      Damage    Failure   Level
 Static Discharge         Conj/Air       0%         2-2/arc   94%         2
 Airstrike                Air            0%         2d(0-16)  100%        4
 Summon Lightning Spire   Summ/Air       0%         N/A       100%        4


Dungeon Overview and Level Annotations

Branches:
Dungeon (4/15)
 Temple: D:4-7

Altars:
Cheibriados
Dithmenos
Nemelex Xobeh
Okawaru
The Shining One

Shops:
D:3 =?

Annotations:
D:4 Blork the orc


Innate Abilities, Weirdness & Mutations

You are completely covered in rugged brown scales. (AC +3, +7% HP)
Armour fits poorly on your strangely shaped body.
You have a long armoured tail.
You roll when moving toward enemies. (Rampage)
Your long tongue fully drains potion bottles. (2x potion effects)
Your tongue gives you trouble enunciating. (1.5x scroll delay)


Message History

Blork the orc hits you but does no damage.
The goblin barely misses you. The orc hits you but does no damage.
Blork the orc hits you with a +3 trident of flaming!
Blork the orc burns you.
The goblin hits you with a +1 dagger of venom.
An orc wizard comes into view. It is wielding a +0 dagger.
The orc misses you.
You are too injured to fight recklessly!
You are too injured to fight recklessly!
You are too injured to fight recklessly!
You are too injured to fight recklessly!
You are too injured to fight recklessly!
You are too injured to fight recklessly!
You are too injured to fight recklessly!
You are too injured to fight recklessly!
You are too injured to fight recklessly!
You are too injured to fight recklessly!
You are too injured to fight recklessly!
Okay, then.
Blork the orc attacks as you move away!
Blork the orc hits you but does no damage.
You feel sick. Blork the orc barely misses you.
The orc priest mumbles some strange prayers to Beogh against you.
Beogh smites you!
* * * LOW HITPOINT WARNING * * *
The orc priest calls upon Beogh to heal Blork the orc.
Blork the orc is healed somewhat.
The orc wizard shouts!
You see here a puce potion.
Okay, then.
Your skin crawls.
You feel strong-willed.
You feel sick.
Blork the orc screams, "I'll break your legs!"
Blork the orc hits you from afar with a +3 trident of flaming!
* * * LOW HITPOINT WARNING * * *
Blork the orc burns you.
* * * LOW HITPOINT WARNING * * *
Blork the orc hits you from afar with a +3 trident of flaming.
You die...

######## ..##...###
.........### #####
#..........### ####.....
....(#####...####.......
......# ###..........#
......# ###.>.....#
#.....# ##.[....##
###...# #.@.....# #...#
#.goo...# #...#
#.........# #..†..#
#....o..$.# ......#
#......Wo..# #.....#
#...#####(..# ###[.##
#..# ...# #### #.. .o#
#. ...


You could see Blork the orc (fast), a phantom, 2 orc priests, an orc wizard, an
orc and a goblin.

Vanquished Creatures
  Edmund (D:4)
  Duvessa (D:4)
  Dowan (D:4)
  3 adders
  3 worms (D:3)
  A dart slug (D:2)
  8 ball pythons
  6 endoplasms
  2 giant cockroaches
  5 goblins
  12 hobgoblins
  2 jackals (D:4)
  8 kobolds
  2 quokkas
  4 bats
  2 frilled lizards (D:2)
  3 rats
64 creatures vanquished.

Notes
Turn   | Place    | Note
-------+----------+-------------------------------------------
     0 | D:1      | arthad the Armataur Berserker began the quest for the Orb.
     0 | D:1      | Reached XP level 1. HP: 19/19 MP: 1/1
   156 | D:1      | Reached XP level 2. HP: 14/26 MP: 2/2
   442 | D:1      | Reached ** piety under Trog
   787 | D:2      | Reached XP level 3. HP: 30/33 MP: 3/3
  1417 | D:2      | Found a faded altar of an unknown god.
  1561 | D:3      | Identified the +1 mace "Duqor" {vamp, +Blink Str-5 Dex+4
                  | SInv}
  1632 | D:3      | Found Wamufett's Magic Scroll Emporium.
  1637 | D:3      | Bought a scroll of magic mapping for 97 gold pieces
  1694 | D:3      | Reached XP level 4. HP: 36/40 MP: 4/4
  1846 | D:3      | Found Xuoh's Jewellery Boutique.
  2326 | D:4      | Noticed Duvessa
  2327 | D:4      | Found a sparkling altar of Nemelex Xobeh.
  2362 | D:4      | Noticed Dowan
  2380 | D:4      | Killed Duvessa
  2381 | D:4      | Reached XP level 5. HP: 15/49 MP: 5/5
  2388 | D:4      | Killed Dowan
  2553 | D:4      | Found a snail-covered altar of Cheibriados.
  2553 | D:4      | Found an iron altar of Okawaru.
  2554 | D:4      | Found a shadowy altar of Dithmenos.
  2609 | D:4      | Found a glowing golden altar of the Shining One.
  2692 | D:4      | Noticed Edmund
  2712 | D:4      | Killed Edmund
  2713 | D:4      | Reached XP level 6. HP: 23/56 MP: 6/6
  2860 | D:4      | Noticed Blork the orc
  2868 | D:4      | HP: 2/56 [Blork the orc/+3 trident of flaming (9)]
  2868 | D:4      | Slain by Blork the orc

Illustrated notes

Levels and vault maps discovered:
D:1:      matt_arrival_refuge, layout_loops_cross
D:2:      layout_loops_ring, dreamdust_ecumenical_altar_hidden_monk_grotto,
          hangedman_decor_growths
D:3:      layout_basic, serial_shops, shop, shop, serial_aquarium,
          aquarium_bridge_long_joined [aquarium_subvault_balcony,
          aquarium_subvault_wall, aquarium_subvault_balcony,
          aquarium_subvault_bridge, aquarium_subvault_bridge,
          aquarium_subvault_bridge], aquarium_bridge_square
          [aquarium_subvault_bridge, aquarium_subvault_window,
          aquarium_subvault_bridge, aquarium_subvault_bridge],
          aquarium_window_3, aquarium_window_1, aquarium_view_2c,
          aquarium_view_2e, aquarium_pool_2
D:4:      layout_layer_cave, amcnicky_altar_gilded,
          nicolae_overflow_quartered_altars, uniq_duvessa, uniq_edmund,
          uniq_blork_the_orc

Skill      XL: |  1  2  3  4  5 |
---------------+----------------+-----
Fighting       | 3 4 |  4.4
Axes           | 3 4 |  4.0
Armour         | 3 4 |  4.0
Dodging        | 2 |  2.3

Action                     |  1- 3 |  4- 6 || total
---------------------------+-------+-------++-------
  Melee: Hand axe          |    92 |       ||    92
         Tailslap          |    11 |     5 ||    16
         Mace              |    13 |    86 ||    99
         Punch             |     1 |     1 ||     2
  Throw: Dart              |       |     9 ||     9
 Invoke: Trog's Hand       |       |     3 ||     3
         Berserk           |       |     2 ||     2
  Evoke: Wand              |       |     1 ||     1
 Armour: Animal skin       |    42 |    10 ||    52
         Fire dragon scale |       |    44 ||    44
  Dodge: Dodged            |    51 |    42 ||    93
